 Dungeon Crawl Stone Soup version 0.30.1-11-g7821555f0a (webtiles) character file.

Game seed: 2331004190729385714

102 jagang the Trooper (level 4, -3/38 HPs)
             Began as a Barachi Monk on Nov 14, 2023.
             Slain by a gnoll
             ... wielding a +0 spear
              (6 damage)
             ... on level 3 of the Dungeon.
             The game lasted 00:02:45 (1455 turns).

jagang the Trooper (Barachi Monk)                   Turns: 1455, Time: 00:02:45

Health: -3/38      AC:  4    Str: 12    XL:     4   Next: 77%
Magic:  4/4        EV: 13    Int: 10    God:
Gold:   79         SH:  0    Dex: 17    Spells: 3/3 levels left

rFire   . . .        a - +0 falchion
rCold   . . .        d - orb {light}
rNeg    . . .        r - +0 leather armour
rPois   .            (no helmet)
rElec   .            (no cloak)
rCorr   .            i - +0 pair of gloves
SInv    .            (no boots)
Will    .....        (no amulet)
Stlth   +            (no ring)
HPRegen 0.26/turn    (no ring)
MPRegen 0.09/turn

%: no passive effects
@: unable to hop, glowing, slow
A: amphibious, slowness 1, strong legs 1, +LOS
a: Hop


You were on level 3 of the Dungeon.
You visited 1 branch of the dungeon, and saw 3 of its levels.

You collected 79 gold pieces.

Inventory:

Hand Weapons
 a - a +0 falchion (weapon)
Missiles
 e - 3 poisoned darts (quivered)
Armour
 d - an orb of light (worn)
 i - a +0 pair of gloves (worn)
 r - a +0 leather armour (worn)
Jewellery
 k - a +6 ring of intelligence
 u - a ring of flight
Wands
 x - a wand of iceblast (2)
Scrolls
 f - 2 scrolls of fog {unknown}
 h - a scroll of teleportation {unknown}
 l - a scroll of enchant armour {unknown}
 m - a scroll of vulnerability {unknown}
 o - 2 scrolls of noise {unknown}
 p - a scroll of enchant weapon {unknown}
 q - a scroll of silence {unknown}
 s - a scroll of fear {unknown}
 t - a scroll of identify {unknown}
 v - a scroll of magic mapping {unknown}
Potions
 b - 2 potions of curing {unknown}
 c - a potion of ambrosia
 g - a potion of resistance {unknown}
 j - a potion of heal wounds {unknown}
 n - a potion of berserk rage {unknown}
 w - a potion of degeneration {unknown}


   Skills:
 * Level 4.7 Fighting
 * Level 4.4 Long Blades
 + Level 1.0 Throwing
 * Level 2.7 Armour
 - Level 3.2 Dodging


You had 3 spell levels left.
You didn't know any spells.
Your spell library was empty.

Dungeon Overview and Level Annotations

Branches:
Dungeon (3/15)

Altars:


Innate Abilities, Weirdness & Mutations

You are amphibious.
You cover ground slowly.
You can hop short distances.
You have an extended range of vision and can be seen from far away.


Message History

The gnoll hits you from afar with a +0 spear.
* * * LOW HITPOINT WARNING * * *
The goblin attacks as you move away! The goblin hits you with a +0 dagger.
* * * LOW HITPOINT WARNING * * *
The goblin hits you with a +0 dagger.
* * * LOW HITPOINT WARNING * * *
The gnoll hits you but does no damage. The goblin attacks as you move away!
The goblin completely misses you.
A hobgoblin comes into view.
Hop to where?
Press: ? - help, Dir - move target Boing!
Your legs are too worn out to hop.
Unknown command.
Okay, then.
Throw: 6 darts (poison)
Press: ? - help, Q - select action, (/) - cycle Shift-Dir - straight line, f - goblin
Aim: a goblin, wielding a +0 dagger (sparse dust, haloed, 72% to hit)
You throw a poisoned dart. The poisoned dart hits the goblin.
The goblin is poisoned.
Throw: 5 darts (poison)
Press: ? - help, Q - select action, (/) - cycle Shift-Dir - straight line, f/p - goblin
Aim: a goblin, wielding a +0 dagger (severely wounded, poisoned, haloed, 72% to hit)
You throw a poisoned dart. The poisoned dart hits the goblin.
The goblin looks even sicker.
The goblin is severely wounded.
You kill the goblin!
Throw: 4 darts (poison)
Press: ? - help, Q - select action, (/) - cycle Shift-Dir - straight line, f - gnoll
Aim: a gnoll, wielding a +0 spear (haloed, 83% to hit)
You throw a poisoned dart. The poisoned dart hits the gnoll.
The gnoll hits you from afar with a +0 spear.
* * * LOW HITPOINT WARNING * * *
The gnoll barely misses you.
You hit the gnoll but do no damage. The gnoll completely misses you.
You hit the gnoll but do no damage. The gnoll barely misses you.
You hit the gnoll.
The gnoll is lightly wounded.
The gnoll hits you with a +0 spear.
You die...

#...####..........<...
#.. ...........######
###. .#########.####
### ..... #.......#
##.### #.... #.##.##.#
#.#†.. g..###
#.##.##.#####.### ...#
#.##......# #.#
####.####.#####.#.###.#
#...?.(g@..........##.#
#.##.##..####.##.|....#
#)##....##.##...####
..##.##.##.######
.####.##.##.# .#
#.......# #. ####.####
# ###.#### #......#


You could see a gnoll.

Vanquished Creatures
  4 gnolls
  4 dart slugs (D:1)
  5 ball pythons
  5 bats
  5 endoplasms
  2 giant cockroaches (D:1)
  4 goblins
  7 hobgoblins
  4 kobolds
  A quokka (D:1)
  5 frilled lizards
  5 rats
51 creatures vanquished.

Notes
Turn   | Place    | Note
-------+----------+-------------------------------------------
     0 | D:1      | jagang the Barachi Monk began the quest for the Orb.
     0 | D:1      | Reached XP level 1. HP: 18/18 MP: 1/1
   102 | D:1      | Reached skill level 1 in Armour
   102 | D:1      | Reached XP level 2. HP: 18/25 MP: 2/2
   210 | D:1      | Reached XP level 3. HP: 4/30 MP: 3/3
  1022 | D:2      | Reached XP level 4. HP: 38/38 MP: 4/4
  1141 | D:2      | Found a faded altar of an unknown god.
  1441 | D:3      | Reached skill level 1 in Throwing
  1455 | D:3      | Slain by a gnoll

Illustrated notes

Levels and vault maps discovered:
D:1:      saegor_arrival_under_anarchy, layout_basic
D:2:      layout_rooms, hellmonk_ecumenical_altar_zigzags
D:3:      layout_loops_cross, mainiacjoe_overflow_catch_the_wave,
          mainiacjoe_overflow_catwalk

Skill      XL: |  1  2  3  4 |
---------------+-------------+-----
Armour         | 1 2 |  2.7
Fighting       | 4 |  4.7
Long Blades    | 4 |  4.4
Throwing       | 1 |  1.0
Dodging        | |  3.2

Action                     |  1- 3 |  4- 6 || total
---------------------------+-------+-------++-------
  Melee: Falchion          |   106 |    51 ||   157
  Throw: Dart              |       |     3 ||     3
Ability: Hop               |       |     1 ||     1
 Armour: Robe              |    27 |       ||    27
         Leather armour    |       |     6 ||     6
  Dodge: Dodged            |    91 |    42 ||   133
